 Dungeon Crawl Stone Soup version 0.29-a0-837-g174bc33265 (webtiles) character file.

Game seed: 12792758072916360151

163 Garessta the Trooper (level 6, 0/52 (84) HPs)
             Began as a Meteoran Fighter on July 12, 2022.
             Slain by an orc
             ... wielding a +0 short sword
              (2 damage)
             ... on level 4 of the Dungeon.
             The game lasted 00:10:07 (1971 turns).

Garessta the Trooper (Meteoran Fighter)             Turns: 1971, Time: 00:10:07

HP:   0/52 (84)     AC: 23    Str: 20    XL:     6   Next: 3%
MP:   7/7           EV:  2    Int: 10    God:
Gold: 158           SH:  5    Dex: 13    Spells: 5/5 levels left

rFire   . . .      SeeInvis .   a - +0 war axe
rCold   . . .      Faith    .   c - +0 buckler
rNeg    . . .      Spirit   .   (body armour currently unavailable)
rPois   +          Reflect  .   (helmet currently unavailable)
rElec   .          Harm     .   (cloak currently unavailable)
rCorr   .          Rampage  .   (gloves currently unavailable)
Will    +....      NoTele   +   (boots currently unavailable)
Stlth   +.........              (no amulet)
HPRegen 0.17/turn               m - ring of willpower
MPRegen 0.10/turn               (no ring)

@: tree-form, attractive, glowing, very heavily drained
A: stationary, stasis, torment immunity, boosted hp, sense surroundings 1,
otherworldly, glowing, explore regen
a: no special abilities


You were on level 4 of the Dungeon.
You were a tree.
You visited 1 branch of the dungeon, and saw 4 of its levels.

You collected 158 gold pieces.

Inventory:

Hand Weapons
 a - a +0 war axe (weapon)
Armour
 c - a +0 buckler (worn)
 h - a +0 helmet (melded)
 i - a +2 tower shield
 n - a +0 pair of gloves (melded)
 p - a +0 ring mail of fire resistance (melded)
Jewellery
 m - a ring of willpower (left branch)
Wands
 t - a wand of charming (8)
Scrolls
 b - a scroll of teleportation {unknown}
 f - 2 scrolls of noise {unknown}
 g - 2 scrolls of fog {unknown}
 j - a scroll of magic mapping {unknown}
 k - 3 scrolls of identify
 r - a scroll of blinking
Potions
 d - 2 potions of might
 l - a potion of invisibility {unknown}
 o - a potion of mutation {unknown}
 q - a potion of heal wounds {unknown}
 s - a potion of attraction


   Skills:
 + Level 5.1 Fighting
 + Level 4.9 Axes
 - Level 3.6 Armour
 - Level 3.6 Shields


You had 5 spell levels left.
You didn't know any spells.
Your spell library contained the following spells:

 Spells                   Type           Power      Damage    Failure   Level
 Tukima's Dance           Hex            0%         N/A       83%         3
 Passage of Golubria      Tloc           0%         N/A       99%         4
 Yara's Violent Unravell  Hex/Tmut       0%         3d3       100%        5


Dungeon Overview and Level Annotations

Branches:
Dungeon (4/15) Zot: 763
 Temple: D:4-7

Altars:
Sif Muna
Xom
Zin


Innate Abilities, Weirdness & Mutations

You are a tree.
Your roots penetrate the ground, keeping you stationary.
You cannot be teleported.
You are immune to unholy pain and torment.
Your maximum health is greatly increased.
Your equipment is partially melded.
You passively map a small area around you.
You are easily found by Zot.
You glow in the dark.
You regain HP and MP as you explore.


Message History

You kill the orc!
You closely miss the orc. You hit the orc but do no damage.
You completely miss the orc. You block the orc's attack.
The orc hits you with a +0 war axe! The orc completely misses you.
The goblin shoots a sling bullet.
The sling bullet hits you.
Unknown command.
You barely miss the orc.
The orc is lightly wounded.
You hit the orc. x2; You closely miss the orc.
A giant cockroach comes into view.
The orc hits you with a +0 war axe. The orc hits you with a +0 dagger.
The orc hits you but does no damage. x2; The goblin shoots a sling bullet.
The sling bullet barely misses you. The orc hits you with a +0 dagger.
You block the orc's attack. The orc hits you but does no damage.
The orc completely misses you.
Aiming: Charm
Press: ? - help, Shift-Dir - straight line, f - orc
Aim: an orc, wielding a +0 whip and wearing a +0 leather armour (chance to affect: 66%)
The orc is charmed.
The goblin shoots a sling bullet.
The sling bullet barely misses you. The orc hits you with a +0 dagger.
* * * LOW HITPOINT WARNING * * *
The orc barely misses you. The orc hits you with a +0 war axe.
* * * LOW HITPOINT WARNING * * *
It was a potion of attraction.
You feel attractive to monsters.
The goblin shoots a sling bullet.
The sling bullet misses you. The orc hits you but does no damage.
The orc hits you with a +0 short sword.
* * * LOW HITPOINT WARNING * * *
The orc completely misses you. The quokka is attracted toward you.
The goblin is attracted toward you.
It was a potion of lignification.
You turn into a tree.
Your +0 helmet melds into your body.
Your +0 pair of gloves melds into your body.
Your +0 ring mail of fire resistance melds into your body.
You feel less resistant to fire.
Your roots penetrate the ground.
The quokka bites you but does no damage.
The goblin unwields a +0 sling.
The goblin wields a +0 club.
You block the goblin's attack. The orc hits you but does no damage. x2
The orc hits you with a +0 short sword.
You die...

*
...............,,
.........:.....
...............,
............... ,
...............
,*
.........§?.... ,
......oor...... ,
......o♣.......
......go.......
....§.......... ,
, ..........#+###
, ....#.###.B ,,
, ....#. ... , *
... #. *.... ,.^
.. ..... , *, *


You could see 3 orcs, a quokka, a giant cockroach, a goblin and a friendly orc
(charmed).

Vanquished Creatures
  An orc wizard (D:3)
  7 adders
  4 worms
  A dart slug (D:2)
  7 orcs
  8 bats
  2 endoplasms
  2 giant cockroaches (D:1)
  4 goblins
  2 hobgoblins (D:3)
  7 quokkas
  3 ball pythons
  A frilled lizard (D:3)
  3 kobolds
  4 rats
56 creatures vanquished.

Vanquished Creatures (others)
  2 fungi (D:3)
  4 plants (D:3)
6 creatures vanquished.

Grand Total: 62 creatures vanquished

Notes
Turn   | Place    | Note
-------+----------+-------------------------------------------
     0 | D:1      | Garessta the Meteoran Fighter began the quest for the Orb.
     0 | D:1      | Reached XP level 1. HP: 19/19 MP: 2/2
   341 | D:1      | Reached XP level 2. HP: 25/26 MP: 3/3
   488 | D:1      | Glimpsed the power of Zot.
   538 | D:1      | Glimpsed the power of Zot.
   543 | D:1      | Found a faded altar of an unknown god.
   578 | D:1      | Glimpsed the power of Zot.
   588 | D:1      | Touched by the power of Zot.
   702 | D:2      | Reached XP level 3. HP: 22/23 MP: 4/4
   726 | D:2      | Reached skill level 4 in Fighting
   780 | D:2      | Reached XP level 4. HP: 31/35 MP: 5/5
   967 | D:2      | Reached XP level 5. HP: 45/46 MP: 6/6
  1340 | D:3      | Reached skill level 5 in Fighting
  1489 | D:3      | Found a glowing silver altar of Zin.
  1745 | D:3      | Found a shimmering altar of Xom.
  1787 | D:3      | Found a shimmering blue altar of Sif Muna.
  1837 | D:3      | Glimpsed the power of Zot.
  1842 | D:3      | Reached XP level 6. HP: 55/56 MP: 7/7
  1885 | D:3      | Glimpsed the power of Zot.
  1925 | D:3      | Glimpsed the power of Zot.
  1935 | D:3      | Touched by the power of Zot.
  1970 | D:4      | HP: 1/35 [orc/+0 short sword (2)]
  1971 | D:4      | Slain by an orc

Illustrated notes

Levels and vault maps discovered:
D:1:      spicycebolla_green_bress_n_ham_2, layout_basic,
          dilly_ecumenical_altar_fadedgnrine
D:2:      layout_rooms, corexii_leaking_fountain
D:3:      layout_basic, mainiacjoe_overflow_boulevard, led_sif_pool,
          mainiacjoe_overflow_six_doors_small, kennysheep_generic_room_8
D:4:      layout_basic, gup_ossuary_entry_pyramid

Skill      XL: |  1  2  3  4  5 |
---------------+----------------+-----
Axes           | 3 4 |  4.9
Fighting       | 4 5 |  5.1
Armour         | |  3.6
Shields        | |  3.6

Action                   |  1- 3 |  4- 6 || total
-------------------------+-------+-------++-------
Melee: War axe           |    60 |   139 ||   199
Evoke: Wand              |       |     1 ||     1
  Use: Potion            |       |     2 ||     2
       Scroll            |       |     1 ||     1
Armor: Scale mail        |    59 |    37 ||    96
       Ring mail         |       |    38 ||    38
       Skin              |       |     3 ||     3
Dodge: Dodged            |    24 |    52 ||    76
Block: Buckler           |    26 |    36 ||    62

Table legend: (Time is in decaauts)
 A = Elapsed time spent in this place.
 B = Non-inter-level travel time spent in this place.
 C = Inter-level travel time spent in this place.
 D = Time resting spent in this place.
 E = Time spent auto-exploring this place.
 F = Levels seen in this place.
 G = Mean time per level.
                   A        B        C        D        E       F      G
               +--------+--------+--------+--------+--------+-----+--------+
         Total |   2036 |   1871 |    165 |      0 |    764 |   4 |  509.0 |
       Dungeon |   2036 |   1871 |    165 |      0 |    764 |   4 |  509.0 |
               +--------+--------+--------+--------+--------+-----+--------+

Top non-repeatable levels by time:
     D:3: 909 daAuts
     D:1: 707 daAuts
     D:2: 411 daAuts
     D:4: 8 daAuts
